 Seeded DCSS version 0.30.1-11-g7821555f0a (webtiles) character file.

Game seed: 6245884229887761738 (custom seed)

53 Psyclone the Conjurer (level 3, 19/19 HPs)
             Began as a Deep Elf Conjurer on Nov 9, 2023.
             Was an Initiate of Gozag.
             Quit the game on level 2 of the Dungeon.
             The game lasted 00:04:53 (879 turns).

Psyclone the Conjurer (Deep Elf Conjurer)            Turns: 879, Time: 00:04:54

Health: 19/19      AC:  2    Str:  4    XL:     3   Next: 62%
Magic:  6/10       EV: 12    Int: 24    God:    Gozag
Gold:   34         SH:  0    Dex: 13    Spells: 5/10 levels left

rFire   . . .        (no weapon)
rCold   . . .        (no shield)
rNeg    . . .        a - +0 robe
rPois   .            (no helmet)
rElec   .            (no cloak)
rCorr   .            (no gloves)
SInv    .            (no boots)
Will    .....        (no amulet)
Stlth   ++           (no ring)
HPRegen 0.23/turn    (no ring)
MPRegen 0.12/turn

%: no passive effects
@: no status effects
A: no striking features
a: Renounce Religion, Potion Petition, Call Merchant, Bribe Branch


You were on level 2 of the Dungeon.
You worshipped Gozag.
Gozag was noncommittal.
You visited 1 branch of the dungeon, and saw 2 of its levels.

You collected 34 gold pieces.

Inventory:

Armour
 a - a +0 robe (worn)
 e - a +2 helmet of intelligence
Jewellery
 c - an amulet of magic regeneration
Scrolls
 d - 4 scrolls of identify {unknown}
Potions
 b - a potion of magic


   Skills:
 - Level 2.4 Dodging
 - Level 2.4 Stealth
 + Level 4.0 Spellcasting
 * Level 5.5 Conjurations


You had 5 spell levels left.
You knew the following spells:

 Your Spells              Type           Power      Damage    Failure   Level
a - Magic Dart            Conj           100%       1d8       1%          1
b - Searing Ray           Conj           62%        2d6       1%          2
c - Passwall              Tmut/Erth      3%         N/A       14%         2

Your spell library contained the following spells:

 Spells                   Type           Power      Damage    Failure   Level
 Sandblast                Erth           8%         2d5       10%         1
 Summon Small Mammal      Summ           16%        N/A       10%         1
 Dazzling Flash           Conj/Hex       36%        N/A       10%         3
 Stone Arrow              Conj/Erth      36%        3d9       10%         3
 Call Canine Familiar     Summ           4%         N/A       28%         3
 Summon Guardian Golem    Hex/Summ       4%         N/A       28%         3
 Fulminant Prism          Conj/Hex       9%         3d7       30%         4
 Iskenderun's Mystic Bla  Conj/Tloc      18%        2d6       30%         4


Dungeon Overview and Level Annotations

Branches:
Dungeon (2/15) Zot: 11120

Altars:
Gozag

Annotations:
D:2 Natasha


Message History

Press: ? - help, Dir - move target A rock wall.
You begin to meditate on the wall.
You continue meditating on the rock. x2
You finish merging with the rock.
You now have 8/10 mp.
Casting: Passwall (safe; 16% risk of failure)
Confirm with . or Enter, or press ? or * to list all spells.
Aiming: Searing Ray (safe; 1% risk of failure)
Press: ? - help, Shift-Dir - straight line, f - dart slug
Aim: a dart slug (wandering, hasn't noticed you, 100% to hit)
The searing ray hits the dart slug.
The dart slug is heavily wounded. (Press . to maintain the ray.)
The dart slug launches a dart at you. The slug dart misses you.
You now have 6/10 mp.
The searing ray hits the dart slug!
You kill the dart slug!
Your Spellcasting skill increases to level 4!
You now have 5/10 mp.
Found a shiny helmet.
You see here a +2 helmet of intelligence.
e - a +2 helmet of intelligence
Casting: Searing Ray (safe; 1% risk of failure)
Confirm with . or Enter, or press ? or * to list all spells.
Aiming: Passwall (safe; 14% risk of failure)
Press: ? - help, Dir - move target A rock wall.
You begin to meditate on the wall.
You continue meditating on the rock. x2
You finish merging with the rock.
You now have 7/10 mp.
A goblin comes into view. It is wielding a +0 dagger.
Casting: Passwall (safe; 14% risk of failure)
Confirm with . or Enter, or press ? or * to list all spells.
Aiming: Passwall (safe; 14% risk of failure)
Press: ? - help, Dir - move target A rock wall.
You begin to meditate on the wall.
You continue meditating on the rock. x2
You finish merging with the rock.
You now have 6/10 mp.
Unknown command.
Unknown command.
Are you sure you want to abandon this character and quit the game? (Confirm with "yes".)

##.#####.###.# #.........##.#
###..#.#......#
.........##.#######..#.
.###..#####.##.$........
##..#####.##.####..#.#.
#.........##.# .... #
#...########.#### ... . #...#
#@...# #.# .# #...#
#########.####.###.## #...#
#......##......?....#
#####...###.####.##..##.$.....#
.........g..............$.$...###
...?..........#..#.#.#........#..
..............#...###.........#.#
#####...###.#.$..## ##...$....#.#
#.......#.......###..)......#.#


There were no monsters in sight!

Vanquished Creatures
  A gnoll (D:2)
  An adder (D:2)
  A dart slug (D:2)
  5 ball pythons
  2 bats (D:1)
  6 endoplasms
  A giant cockroach (D:2)
  4 goblins (D:1)
  2 hobgoblins
  2 quokkas (D:1)
  3 kobolds
  3 rats (D:1)
31 creatures vanquished.

Notes
Turn   | Place    | Note
-------+----------+-------------------------------------------
     0 | D:1      | Psyclone the Deep Elf Conjurer began the quest for the Orb.
     0 | D:1      | Reached XP level 1. HP: 10/10 MP: 6/6
   122 | D:1      | Found a faded altar of an unknown god.
   138 | D:1      | Prayed at the altar of an unknown god.
   138 | D:1      | Became a worshipper of Gozag Ym Sagoz the Greedy
   145 | D:1      | Reached XP level 2. HP: 15/15 MP: 6/8
   148 | D:1      | Learned a level 2 spell: Searing Ray
   208 | D:2      | Reached skill level 5 in Conjurations
   250 | D:1      | Reached XP level 3. HP: 19/19 MP: 2/10
   591 | D:1      | Learned a level 2 spell: Passwall
   672 | D:2      | Noticed Natasha
   879 | D:2      | Quit the game

Illustrated notes

Levels and vault maps discovered:
D:1:      dpeg_arrival_arbitrary_a, layout_rooms,
          shapermc_ecumenical_altar_mp_highgroup, hangedman_abyss_or_decor_stabs
D:2:      layout_loops_cross, uniq_natasha

Skill      XL: |  1  2  3 |
---------------+----------+-----
Conjurations   | 5 |  5.5
Spellcasting   | 4 |  4.0
Dodging        | |  2.4
Stealth        | |  2.4

Action                     || total
---------------------------++-------
   Cast: Magic Dart        ||    40
         Searing Ray       ||     4
         Passwall          ||     5
 Armour: Robe              ||     2
  Dodge: Dodged            ||     4
